 Dungeon Crawl Stone Soup version 0.19-a0-1490-g5dd3618 (webtiles) character file.

4715 jacquesderrida the Carver (level 10, -15/53 HPs)
             Began as a Vine Stalker Wanderer on Sept 8, 2016.
             Was an Initiate of Ashenzari.
             Demolished by a hill giant
             ... wielding a +0 giant club
              (25 damage)
             ... on level 9 of the Dungeon.
             The game lasted 00:27:20 (3423 turns).

jacquesderrida the Carver (Vine Stalker Wanderer)   Turns: 3423, Time: 00:27:21

Health: -15/53     AC: 11    Str: 16    XL:     10   Next: 45%
Magic:  0/11       EV: 12    Int: 14    God:    Ashenzari [......]
Gold:   360        SH:  0    Dex: 14    Spells: 0 memorised, 9 levels left

rFire  + . .     SeeInvis .     b - +1 great sword
rCold  . . .     Gourm    .     h - +2 scale mail
rNeg   . . .     Faith    .     (shield currently unavailable)
rPois  .         Spirit   +     (helmet restricted)
rElec  .         Dismiss  .     (no cloak)
rCorr  .         Reflect  .     (no gloves)
MR     +....     Harm     .     q - +1 pair of boots (curse)
Stlth  +.........               (no amulet)
                                w - ring of protection from fire
                                r - ring of wizardry

@: no status effects
A: fangs 3, horns 1, regeneration 1, magic shield, antimagic bite, no device
heal 3, rot immunity
a: Curse Item, Renounce Religion


You were on level 9 of the Dungeon.
You worshipped Ashenzari.
Ashenzari was noncommittal.
You were hungry.

You visited 2 branches of the dungeon, and saw 11 of its levels.

You collected 408 gold pieces.
You spent 48 gold pieces at shops.

Inventory:

Hand Weapons
 a - a +0 blowgun
 b - a +1 great sword (weapon)
 p - a +0 halberd of flaming
 u - a +0 rapier of draining
 x - the +16 mace of Variability {chaos}
   (You found it on level 9 of the Dungeon)

   Each time it hits an enemy it has a different, random effect.
Missiles
 f - 4 curare-tipped needles
Armour
 h - a +2 scale mail (worn)
 q - a cursed +1 pair of boots (worn)
 v - a +3 leather armour of cold resistance
Jewellery
 r - a ring of wizardry (left hand)
 w - a ring of protection from fire (right hand)
Scrolls
 d - 2 scrolls of enchant armour
 i - 3 scrolls of remove curse
 k - 2 scrolls of magic mapping
 m - a scroll of identify
 o - 7 scrolls of teleportation
 y - 2 scrolls of blinking
 A - a scroll of brand weapon {unknown}
Potions
 e - a potion of flight
 j - a potion of invisibility
 s - 2 potions of curing
 t - a potion of brilliance {unknown}
 z - 2 potions of might
Comestibles
 c - 3 bread rations
 g - 4 meat rations
 l - a beef jerky
 n - 2 slices of pizza


   Skills:
 + Level 6.7 Fighting
 + Level 9.6 Long Blades
   Level 1.0 Axes
 + Level 4.0 Armour
 + Level 5.7 Dodging
 - Level 3.6 Stealth
   Level 1.0 Shields


You had 9 spell levels left.
You didn't know any spells.

Dungeon Overview and Level Annotations

Branches:
Dungeon (10/15)            Temple (1/1) D:5            Lair (0/6) D:9
    Orc: D:9-12

Altars:
Ashenzari
Dithmenos
Fedhas
Gozag
Kikubaaqudgha
Nemelex Xobeh
Okawaru
Ru
Sif Muna
Trog
Uskayaw
Xom
The Shining One

Shops:
D:9 !


Innate Abilities, Weirdness & Mutations

You have razor-sharp teeth.
Your natural rate of healing is unusually fast.
When hurt, damage is shared between your health and your magic reserves.
Your bite disrupts and absorbs the magic of your enemies.
Potions and wands cannot restore your health.
You are immune to rotting.
You have a pair of small horns on your head.


Message History

You hit the hill giant. You bite the hill giant. You drain its power.
You feel invigorated.
The hill giant is moderately wounded.
The hill giant hits you with a giant club.
You slash the hill giant! You bite the hill giant. You drain its power.
The hill giant is heavily wounded.
You barely miss the hill giant. You bite the hill giant. You drain its power.
The hill giant is severely wounded.
The hill giant hits you with a giant club!
You hit the hill giant.
The hill giant is heavily wounded.
The hill giant barely misses you.
You slash the hill giant! You bite the hill giant. You drain its power.
You feel invigorated.
The hill giant is almost dead.
The hill giant hits you with a giant club!!
* * * LOW HITPOINT WARNING * * *
Unknown command.
The hill giant hits you with a giant club!!
You die...

#...............#
#...............#
#...#######.....# +...#
#.....# ###+##..†# #.....# .
.........# #.....#####..
.........# #............
.........#######............
.............)@C.........##
...########..............##
### #####+###.....(.#
#......... #.#####.## #.# #
#.# #.# #.##


You could see a hill giant.

Vanquished Creatures
  A centaur skeleton (D:6)
  A two-headed ogre (D:9)
  Prince Ribbit (D:7)
  Eustachio (D:4)
  2 chaos spawn (D:9)
  2 hippogriffs
  A hungry ghost (D:8)
  Edmund (D:5)
  5 orc warriors
  5 necrophages
  5 ogres
  2 centaurs (D:6)
  A giant frog (D:6)
  A big kobold (D:6)
  3 scorpions
  4 wights (D:8)
  3 crimson imps
  A jelly (D:6)
  A wasp zombie (D:9)
  3 orc priests
  8 hounds
  6 orc wizards
  A giant frog zombie (D:8)
  2 gnoll shamans
  An iguana (D:9)
  6 worker ants
  A killer bee zombie (D:6)
  13 gnolls
  6 adders
  A shadow imp (D:5)
  An ooze (D:4)
  An adder zombie (D:2)
  A worm (D:6)
  A dart slug (D:2)
  A giant gecko (D:7)
  16 orcs
  A bat skeleton (D:2)
  A giant cockroach (D:2)
  2 goblins
  5 hobgoblins (D:6)
  9 jackals
  11 kobolds
  2 quokkas
  A bat (D:3)
  A giant gecko skeleton (D:6)
  A giant gecko zombie (D:6)
  2 giant newts (D:2)
  A jackal zombie (D:8)
  2 quokka skeletons
  A quokka zombie (D:9)
  A bush (D:8)
151 creatures vanquished.

Vanquished Creatures (others)
  2 plants (D:8)
2 creatures vanquished.

Grand Total: 153 creatures vanquished

Notes
Turn   | Place    | Note
-------+----------+-------------------------------------------
     0 | D:1      | jacquesderrida the Vine Stalker Wanderer began the quest for the Orb.
     0 | D:1      | jacquesderrida set off with: a +2 scale mail, 2 scrolls of teleportation, a +0 club, a +0 dagger, a bread ration
     0 | D:1      | Reached XP level 1. HP: 11/11 MP: 2/2
   121 | D:1      | Reached XP level 2. HP: 4/16 MP: 0/3
   251 | D:2      | Found an opulent altar of Gozag.
   284 | D:2      | Found a sparkling altar of Nemelex Xobeh.
   342 | D:2      | Reached XP level 3. HP: 9/20 MP: 4/4
   457 | D:3      | Found an ancient bone altar of Kikubaaqudgha.
   477 | D:4      | Reached skill level 1 in Long Blades
   565 | D:4      | Noticed an ogre
   572 | D:4      | Gained mutation: You have a pair of small horns on your head. [potion of beneficial mutation]
   584 | D:5      | Entered Level 5 of the Dungeon
   619 | D:5      | Noticed an ogre
   635 | D:5      | Noticed a scorpion
   653 | D:5      | Killed a scorpion
   653 | D:5      | Reached skill level 2 in Long Blades
   653 | D:5      | Gained mutation: Your natural rate of healing is unusually fast. [Vine Stalker growth]
   653 | D:5      | Reached XP level 4. HP: 14/24 MP: 3/5
   700 | D:5      | Found a glowing golden altar of the Shining One.
   701 | D:5      | Found a deep blue altar of Sif Muna.
   712 | D:5      | Reached skill level 3 in Long Blades
   712 | D:5      | Reached XP level 5. HP: 24/28 MP: 4/6
   746 | D:5      | Found a staircase to the Ecumenical Temple.
   755 | Temple   | Entered the Ecumenical Temple
   797 | Temple   | Became a worshipper of Ashenzari the Shackled
   841 | D:5      | HP: 1/28 [ogre/giant spiked club (19)]
   877 | D:5      | Killed an ogre
   877 | D:5      | Reached skill level 4 in Long Blades
   921 | D:5      | Reached XP level 6. HP: 29/32 MP: 5/7
   954 | D:5      | Noticed a hippogriff
   981 | D:5      | Killed a hippogriff
   981 | D:5      | Reached skill level 5 in Long Blades
  1018 | D:5      | Reached skill level 6 in Long Blades
  1018 | D:5      | Reached XP level 7. HP: 34/36 MP: 8/8
  1073 | D:5      | Noticed Edmund
  1118 | D:4      | Noticed Eustachio
  1134 | D:4      | Killed Eustachio
  1327 | D:6      | Reached skill level 7 in Long Blades
  1369 | D:6      | Gained mutation: You have razor-sharp teeth. [Vine Stalker growth]
  1369 | D:6      | Reached XP level 8. HP: 35/40 MP: 9/9
  1370 | D:6      | Reached skill level 1 in Dodging
  1495 | D:6      | Noticed Prince Ribbit
  1672 | D:5      | Killed Edmund
  1779 | D:6      | Reached skill level 8 in Long Blades
  1800 | D:7      | Killed Prince Ribbit
  1800 | D:7      | Reached XP level 9. HP: 15/46 MP: 10/10
  1918 | D:6      | Reached skill level 5 in Fighting
  2508 | D:6      | Reached skill level 9 in Long Blades
  2626 | D:8      | Found a hide-covered altar of Uskayaw.
  2782 | D:8      | Reached skill level 5 in Dodging
  2807 | D:8      | Reached XP level 10. HP: 37/53 MP: 7/11
  2867 | D:8      | Found a blossoming altar of Fedhas.
  2993 | D:9      | Found a shimmering altar of Xom.
  3096 | D:9      | Found Voastou's Distillery.
  3113 | D:9      | Bought a potion of might for 48 gold pieces
  3160 | D:9      | Found a staircase to the Lair.
  3293 | D:10     | Entered Level 10 of the Dungeon
  3386 | D:10     | Noticed a hill giant
  3423 | D:9      | Demolished by a hill giant

Vault maps used:
D:1:      dpeg_arrival_lava_temple_mockup, minmay_misc_feat_hallway,
          ashenzari_altar_1
D:2:      overflow_temple_1_default, old_standard_altar,
          nemelex_xobeh_ov_fountains_minmay, serial_undead, serial_undead_c,
          serial_undead_e, serial_undead_e, serial_undead_a
D:3:      lemuel_doored_altar, st_stairs_8
D:4:      first_bread, uniq_eustachio
D:5:      grunt_temple_overflow_open, minmay_joined_circles, uniq_edmund
D:6:      kennysheep_housing_project, makhleb_heckhound_becter,
          nrook_pool_corridor, uniq_prince_ribbit1
D:7:      zin_angel
D:8:      overflow_temple_1_default, fedhas_altar_decomposition,
          eat_drink_and_be_merry_uskayaw, grunt_livestock, bh_walls_and_bars
D:9:      cheibrodos_worm_habitat, lair_0_dummy, orc_0_dummy, serial_shops,
          nicolae_shop_crystal, minmay_guarded_unrand_variability, uniq_pikel
D:10:     kennysheep_small_circle
Temple:   nicolae_temple_figure_zero

Skill      XL: |  1  2  3  4  5  6  7  8  9 10 |
---------------+-------------------------------+-----
Fighting       | 2 3 4 6 |  6.7
Long Blades    | 2 3 4 6 7 8 9 |  9.6
Dodging        | 3 5 |  5.7
Armour         | 3 4 |  4.0
Axes           | |  1.0
Stealth        | |  3.6
Shields        | |  1.0

Action                   |  1- 3 |  4- 6 |  7- 9 | 10-12 || total
-------------------------+-------+-------+-------+-------++-------
Melee: Club              |    24 |       |       |       ||    24
       Dagger            |    10 |       |       |       ||    10
       Bite              |    10 |    13 |    86 |    40 ||   149
       Whip              |    56 |       |       |       ||    56
       Long sword        |       |    69 |   293 |       ||   362
       Headbutt          |       |    11 |    75 |    30 ||   116
       Great sword       |       |       |    24 |   114 ||   138
       Great mace        |       |       |       |    18 ||    18
 Fire: Blowgun           |       |       |    20 |       ||    20
  Use: Potion            |     4 |     1 |     1 |       ||     6
       Scroll            |     1 |     4 |     7 |     1 ||    13
 Stab: Sleeping          |       |       |     1 |       ||     1
  Eat: Chunk             |       |     1 |     2 |       ||     3
       Pizza             |       |       |     3 |       ||     3
       Royal jelly       |       |       |     1 |       ||     1
       Fruit             |       |       |       |     2 ||     2
Armor: Scale mail        |    28 |    18 |   115 |    31 ||   192
       Skin              |    22 |    29 |       |       ||    51
Dodge: Dodged            |    42 |    33 |   128 |    66 ||   269
